 Dungeon Crawl Stone Soup version 0.19-a0-1886-gd64a0f0 (webtiles) character file.

18431 Leibowitz the Cleaver (level 12, -2/100 HPs)
             Began as a Demigod Fighter on Oct 16, 2016.
             Killed from afar by an ice dragon (15 damage)
             ... with a blast of cold
             ... in an ice cave.
             The game lasted 00:53:35 (12292 turns).

Leibowitz the Cleaver (Demigod Fighter)            Turns: 12292, Time: 00:53:36

Health: -2/100     AC: 21    Str: 27    XL:     12   Next: 1%
Magic:  16/16      EV:  8    Int: 14    God:
Gold:   625        SH: 21    Dex: 15    Spells: 2 memorised, 7 levels left

rFire  . . .     SeeInvis .     b - +0 blowgun
rCold  . . .     Gourm    .     w - +0 plate armour
rNeg   . . .     Faith    .     c - +0 shield
rPois  .         Spirit   .     s - +1 helmet
rElec  .         Dismiss  .     z - +2 cloak {MR+}
rCorr  .         Reflect  +     K - +0 pair of gloves
MR     ++...     Harm     .     F - +0 pair of boots
Stlth  ..........               C - brooch of Shielding {Reflect SH+8}
                                d - ring of wizardry
                                k - +2 ring of intelligence

@: no status effects
A: high mp 1
a: no special abilities


You were in an ice cave.
You were not hungry.

You visited 2 branches of the dungeon, and saw 11 of its levels.
You also visited: Ice Cave.

You collected 625 gold pieces.

Inventory:

Hand Weapons
 a - a +1 war axe
 b - a +0 blowgun (weapon)
 v - a +2 eveningstar of draining
Missiles
 h - 64 poisoned needles
 r - 9 curare-tipped needles (quivered)
 t - 4 needles of sleeping
Armour
 c - a +0 shield (worn)
 s - a +1 helmet (worn)
 w - a +0 plate armour (worn)
 z - a +2 cloak of magic resistance (worn)
 F - a +0 pair of boots (worn)
 K - a +0 pair of gloves (worn)
Jewellery
 d - a ring of wizardry (right hand)
 k - a +2 ring of intelligence (left hand)
 y - an uncursed ring of teleportation
 C - the brooch of Shielding (around neck) {Reflect SH+8}
   (You found it on level 5 of the Dungeon)

   [amulet of reflection]

   It shields you and reflects attacks.
   It affects your SH (+8).
 G - an uncursed ring of magical power
Wands
 n - a wand of digging (11/24)
 o - a wand of hasting (1/9)
 B - a wand of paralysis (22/24)
 H - a wand of flame (3/48)
 L - a wand of random effects (29/48)
Scrolls
 e - 10 scrolls of identify
 i - a scroll of enchant weapon
 l - a scroll of remove curse
 I - 5 scrolls of amnesia
Potions
 p - 4 potions of curing
 q - a potion of lignification
 x - 2 potions of flight
Books
 E - a book of Minor Magic

   Spells                             Type                      Level
   a - Magic Dart                     Conjuration                  1
   b - Blink                          Translocation                2
   c - Call Imp                       Summoning                    2
   d - Repel Missiles                 Charms/Air                   2
   e - Slow                           Hexes                        2
   f - Conjure Flame                  Conjuration/Fire             3
   g - Mephitic Cloud                 Conjuration/Poison/Air       3
Comestibles
 f - 14 bread rations
 j - 9 beef jerkies
 m - 7 meat rations


   Skills:
 + Level 7.0 Fighting
 + Level 12.3 Axes
 + Level 0.3(8.0) Maces & Flails
 + Level 1.0 Throwing
 + Level 7.6 Armour
 + Level 2.9 Dodging
 + Level 0.8 Stealth
 + Level 10.0 Shields
 + Level 1.4 Evocations


You had 7 spell levels left.
You knew the following spells:

 Your Spells              Type           Power        Failure   Level  Hunger
a - Confusing Touch       Hex            #.....       99%         1    ##.....
b - Confuse               Hex            #.......     100%        3    ####...


Dungeon Overview and Level Annotations

Branches:
Dungeon (10/15)            Temple (0/1) D:4             Orc (1/2) D:10
   Lair: D:8-11

Shops:
D:4 =   D:6 **


Innate Abilities, Weirdness & Mutations

You have an increased reservoir of magic. (+10% MP)


Message History

Aim: an ice dragon (catching its breath)
You shoot a curare-tipped needle.
The curare-tipped needle hits the ice dragon.
Firing (i - inventory. (,) - cycle):
r - 11 curare-tipped needles (quivered)
Press: ? - help, Shift-Dir - straight line, f/p - ice dragon
Aim: an ice dragon (catching its breath)
Okay, then.
Firing (i - inventory. (,) - cycle):
r - 11 curare-tipped needles (quivered)
Press: ? - help, Shift-Dir - straight line, f/p - ice dragon
Aim: an ice dragon (catching its breath)
You shoot a curare-tipped needle.
The curare-tipped needle hits the ice dragon.
Firing (i - inventory. (,) - cycle):
r - 10 curare-tipped needles (quivered)
Press: ? - help, Shift-Dir - straight line, f/p - ice dragon
Aim: an ice dragon (catching its breath)
You shoot a curare-tipped needle.
The curare-tipped needle hits the ice dragon.
The ice dragon breathes frost at you. The blast of cold hits you!
You die...

###......##
##...###### ##..###
###..## ###...(###
##......(.###
##........(..###
##..........D...##
#............@...##
#.................#
##..............#...#
##.............# #..
##..........### .
##.#....#.##
####..#### ##..#
##..##


You could see an ice dragon.

Vanquished Creatures
  Josephine (D:10)
  An ice dragon (IceCv)
  A tengu warrior (D:9)
  The ghost of TZer0alt the Severer, a novice TeBe of Trog (D:8)
  2 unseen horrors
  Pikel (D:6)
  3 hill giants
  A deep elf mage (D:9)
  An ugly thing (D:9)
  The ghost of Flanowski the Quickloader, a novice CeHu of Okawaru (D:6)
  2 ice statues (IceCv)
  Maurice (D:8)
  A rime drake (IceCv)
  2 two-headed ogres (Orc:1)
  Sigmund (D:3)
  4 wraiths
  10 yaks (D:9)
  Eustachio (D:6)
  A steam dragon (D:9)
  Grum (D:8)
  A warg (Orc:1)
  2 water moccasins
  Duvessa (D:6)
  19 ice beasts
  3 sky beasts (D:5)
  6 orc warriors
  A phantom (D:9)
  2 black bears
  A necrophage (D:7)
  9 ogres
  2 centaurs
  4 wolves (D:8)
  4 big kobolds
  6 bullfrogs
  Dowan (D:6)
  5 killer bees (D:8)
  2 scorpions (D:9)
  A howler monkey (D:5)
  9 crimson imps
  A bullfrog zombie (D:5)
  4 hounds
  4 jellies
  5 orc priests
  14 orc wizards
  6 worker ants
  7 iguanas
  A killer bee zombie (D:7)
  A hound zombie (D:7)
  A howler monkey zombie (D:6)
  4 worker ant zombies
  5 gnolls
  8 adders
  A shadow imp (D:5)
  12 white imps (Orc:1)
  2 dart slugs
  3 leopard geckos
  28 orcs
  A ball python (D:5)
  3 bats
  5 giant cockroaches
  3 goblins
  4 hobgoblins
  11 jackals
  A quokka (D:2)
  3 frilled lizards
  A jackal skeleton (D:8)
  19 kobolds
  A quokka zombie (D:6)
  3 rats
278 creatures vanquished.

Vanquished Creatures (others)
  A centaur (D:9)
  3 kobolds
4 creatures vanquished.

Grand Total: 282 creatures vanquished

Notes
Turn   | Place    | Note
-------+----------+-------------------------------------------
     0 | D:1      | Leibowitz the Demigod Fighter began the quest for the Orb.
     0 | D:1      | Reached XP level 1. HP: 18/18 MP: 3/3
   440 | D:1      | Reached XP level 2. HP: 24/25 MP: 4/4
   543 | D:1      | Reached skill level 2 in Axes
   685 | D:2      | Found a radiant altar of Vehumet.
  1021 | D:2      | Found a white marble altar of Elyvilon.
  1114 | D:2      | Reached XP level 3. HP: 30/30 MP: 5/5
  1595 | D:3      | Reached XP level 4. HP: 30/38 MP: 6/6
  1687 | D:3      | Found a sparkling altar of Nemelex Xobeh.
  1915 | D:3      | Noticed Sigmund
  1924 | D:3      | Killed Sigmund
  1924 | D:3      | Reached skill level 3 in Axes
  1924 | D:3      | Reached XP level 5. HP: 33/45 MP: 7/7
  2341 | D:4      | Found a staircase to the Ecumenical Temple.
  2463 | D:4      | Found Voepeh's Jewellery Emporium.
  2631 | D:5      | Entered Level 5 of the Dungeon
  2667 | D:5      | Reached skill level 4 in Axes
  2841 | D:5      | Learned a level 1 spell: Confusing Touch
  2845 | D:5      | Learned a level 3 spell: Confuse
  2858 | D:5      | Noticed an ogre
  2865 | D:5      | Killed an ogre
  2865 | D:5      | Reached skill level 1 in Dodging
  2865 | D:5      | Reached XP level 6. HP: 15/51 MP: 8/8
  3206 | D:5      | Reached skill level 5 in Axes
  3206 | D:5      | Reached XP level 7. HP: 42/58 MP: 9/9
  3516 | D:5      | Reached skill level 6 in Axes
  3531 | D:5      | Reached XP level 8. HP: 42/67 MP: 11/11
  4204 | D:6      | Found Doucasu's Assorted Antiques.
  4213 | D:6      | Gained mutation: You have large cloven feet. [potion of mutation]
  4213 | D:6      | Gained mutation: Your muscles are strong. (Str +2) [potion of mutation]
  4213 | D:6      | Lost mutation: Your muscles are strong. (Str +2) [potion of mutation]
  4216 | D:6      | Noticed Flanowski's ghost (novice CeHu)
  4234 | D:6      | Killed Flanowski's ghost
  4234 | D:6      | Reached skill level 7 in Axes
  4234 | D:6      | Reached skill level 5 in Armour
  4234 | D:6      | Reached skill level 5 in Shields
  4280 | D:6      | Noticed Duvessa
  4293 | D:6      | Killed Duvessa
  4294 | D:6      | Noticed Dowan
  4346 | D:6      | Killed Dowan
  4379 | D:6      | Found Gozag's Platinum Reserve.
  4379 | D:6      | Found an opulent altar of Gozag.
  4437 | D:6      | Noticed Eustachio
  4449 | D:6      | Killed Eustachio
  4540 | D:6      | Reached skill level 5 in Fighting
  4581 | D:6      | Reached skill level 1 in Evocations
  4581 | D:6      | Reached XP level 9. HP: 74/74 MP: 12/12
  4928 | D:6      | Reached skill level 8 in Axes
  4950 | D:6      | Noticed Pikel
  4972 | D:6      | Killed Pikel
  5326 | D:7      | Reached skill level 9 in Axes
  6308 | D:8      | Noticed Grum
  6320 | D:8      | Reached XP level 10. HP: 74/81 MP: 13/13
  6347 | D:8      | Killed Grum
  6365 | D:8      | Noticed Maurice
  6377 | D:8      | Killed Maurice
  6377 | D:8      | Reached skill level 10 in Axes
  6710 | D:8      | Found a shadowy altar of Dithmenos.
  6850 | D:8      | Found an ancient bone altar of Kikubaaqudgha.
  6850 | D:8      | Found a hide-covered altar of Uskayaw.
  6971 | D:8      | Noticed TZer0alt's ghost (novice TeBe)
  6994 | D:8      | Killed TZer0alt's ghost
  7307 | D:9      | Killed an unseen horror
  8341 | D:10     | Entered Level 10 of the Dungeon
  8351 | D:10     | Noticed a hill giant
  8405 | D:10     | Found a staircase to the Orcish Mines.
  8412 | D:10     | Noticed a cyan ugly thing
  8418 | D:9      | Reached skill level 1 in Throwing
  8537 | D:10     | Noticed a deep elf mage
  8537 | D:10     | Noticed a tengu warrior
  8556 | D:9      | HP: 2/83 [cyan ugly thing (13)]
  8900 | D:9      | Reached skill level 11 in Axes
  8931 | D:9      | Killed a cyan ugly thing
  8997 | D:9      | Reached XP level 11. HP: 55/89 MP: 15/15
  9140 | D:10     | Noticed a hill giant
  9191 | D:9      | Killed a hill giant
  9342 | D:10     | Noticed a hill giant
  9419 | D:9      | Killed a tengu warrior
  9637 | D:9      | Killed a hill giant
  9852 | D:10     | Noticed Josephine
  9906 | D:10     | Killed a hill giant
 10038 | D:10     | Identified a scroll of acquirement
 10459 | D:10     | Killed Josephine
 10895 | D:10     | Killed an unseen horror
 11178 | D:10     | Lost mutation: You have large cloven feet. [potion of cure mutation]
 11274 | Orc:1    | Entered Level 1 of the Orcish Mines
 11337 | Orc:1    | Reached skill level 12 in Axes
 11350 | Orc:1    | Found a frozen archway.
 11380 | IceCv    | Entered an ice cave
 12149 | IceCv    | Noticed an ice dragon
 12166 | IceCv    | Noticed an ice dragon
 12169 | IceCv    | Killed an ice dragon
 12169 | IceCv    | Reached skill level 10 in Shields
 12169 | IceCv    | Reached XP level 12. HP: 15/100 MP: 16/16
 12292 | IceCv    | Killed from afar by an ice dragon

Vault maps used:
D:1:      shiori_arrival_maze
D:2:      marbit_many_paths, lemuel_coloured_pillars_altar, minivault_5
D:3:      nicolae_overflow_crystal_walls, first_bread,
          hangedman_abyss_or_decor_stabs, uniq_sigmund
D:4:      serial_shops, nicolae_shop_temple_entry_statues_fountains
D:5:      kennysheep_windowed_halls, st_stairs_13
D:6:      nicolae_gozag_zags_fifth_avenue, serial_shops, shop, uniq_pikel,
          uniq_eustachio, uniq_duvessa
D:8:      grunt_dithmenos_smoke_and_mirrors,
          chequers_temple_overflow_statue_of_worship, grunt_ogre_cave,
          uniq_grum, uniq_maurice
D:9:      minmay_door_square, nrook_mini_vaults
D:10:     hangedman_cross_stitches, uniq_josephine
Orc:1:    portal_ice_cave_entry_imps, serial_shops, shop, elf_legates,
          uniq_snorg
IceCv:    ice_cave_small_dragons

Skill      XL: |  1  2  3  4  5  6  7  8  9 10 11 |
---------------+----------------------------------+-----
Armour         | 3 4 5 6 7 |  7.6
Axes           | 2 3 4 5 6 7 9 11 12 | 12.3
Fighting       | 3 4 5 6 7 |  7.0
Shields        | 3 4 5 6 8 10 | 10.0
Dodging        | 1 2 |  2.9
Evocations     | 1 |  1.4
Throwing       | 1 |  1.0
Maces & Flails | |  0.3
Stealth        | |  0.8

Action                   |  1- 3 |  4- 6 |  7- 9 | 10-12 || total
-------------------------+-------+-------+-------+-------++-------
Melee: War axe           |   127 |   105 |   405 |   728 ||  1365
       Eveningstar       |       |       |       |    13 ||    13
 Fire: Blowgun           |       |       |       |    12 ||    12
Throw: Throwing net      |       |       |       |     1 ||     1
Evoke: Wand              |       |       |    11 |     6 ||    17
  Use: Potion            |       |     2 |     8 |     6 ||    16
       Scroll            |       |     4 |     5 |     9 ||    18
  Eat: Chunk             |     2 |     5 |    11 |    15 ||    33
       Fruit             |       |       |       |     3 ||     3
       Pizza             |       |       |       |     1 ||     1
       Beef jerky        |       |       |       |     1 ||     1
Armor: Chain mail        |    73 |    47 |    59 |       ||   179
       Scale mail        |     9 |       |       |       ||     9
       Skin              |       |    11 |    12 |       ||    23
       Leather armour    |       |       |    12 |       ||    12
       Plate armour      |       |       |    83 |   336 ||   419
Dodge: Dodged            |    28 |    18 |    77 |   118 ||   241
Block: Shield            |    72 |    32 |   394 |   716 ||  1214
       Reflection        |       |       |     9 |    23 ||    32
